 Dungeon Crawl Stone Soup version 0.21-a0-221-gfe971b9 (webtiles) character file.

5395 GordonOverkill the Cleaver (level 10, 0/72 HPs)
             Began as a Minotaur Skald on Aug 26, 2017.
             Was a Believer of Hepliaklqana.
             Slain by a hornet (2 damage)
             ... on level 9 of the Dungeon.
             The game lasted 00:17:12 (7259 turns).

GordonOverkill the Cleaver (Minotaur Skald)         Turns: 7259, Time: 00:17:12

Health: 0/72       AC: 10    Str: 19    XL:     10   Next: 40%
Magic:  14/14      EV:  9    Int: 15    God:    Hepliaklqana [**....]
Gold:   400        SH:  0    Dex: 10    Spells: 8/13 levels left

rFire    . . .     SeeInvis .   v - +1 whip (elec)
rCold    . . .     Gourm    .   (no shield)
rNeg     + . .     Faith    .   w - +1 chain mail
rPois    .         Spirit   .   (helmet restricted)
rElec    .         Reflect  .   (no cloak)
rCorr    .         Harm     .   (no gloves)
MR       .....                  (no boots)
Stlth    ..........             b - amulet of regeneration
HPRegen  0.62/turn              u - ring of positive energy
MPRegen  0.14/turn              x - +5 ring of intelligence

@: lethally poisoned (0 -> -1), about to teleport, slowed, very slow
A: retaliatory headbutt, reduced essence, horns 2
a: Recall Ancestor, Ancestor Identity, Renounce Religion


You were on level 9 of the Dungeon.
You worshipped Hepliaklqana.
Hepliaklqana was pleased with you.
You were not hungry.

You visited 2 branches of the dungeon, and saw 10 of its levels.

You collected 400 gold pieces.

Inventory:

Hand Weapons
 n - a +2 battleaxe
 v - a +1 whip of electrocution (weapon)
Armour
 a - a +0 shield
 w - a +1 chain mail (worn)
Jewellery
 b - an amulet of regeneration (around neck)
 i - a +2 amulet of reflection
 u - a ring of positive energy (left hand)
 x - a +5 ring of intelligence (right hand)
Wands
 m - a wand of scattershot (3/9)
 r - a wand of iceblast (13/15)
Scrolls
 f - 2 scrolls of enchant weapon
 h - 2 scrolls of teleportation
 l - 2 scrolls of fog
Potions
 e - a potion of agility {unknown}
 g - 3 potions of heal wounds
 j - 2 potions of haste
 o - 2 potions of brilliance {unknown}
 q - a potion of degeneration {unknown}
 s - a potion of mutation {unknown}
 t - a potion of cancellation {unknown}
Comestibles
 c - 6 chunks of flesh
 d - 8 bread rations
 k - 3 meat rations


   Skills:
 - Level 4.8 Fighting
 * Level 13.1 Axes
 - Level 4.5 Armour
 - Level 4.9 Dodging
 * Level 2.3 Shields
 - Level 2.0 Spellcasting
 - Level 2.5 Charms
 + Level 7.3 Invocations


You had 8 spell levels left.
You knew the following spells:

 Your Spells              Type           Power        Failure   Level  Hunger
a - Blink                 Tloc           N/A          98%         2    ###....
b - Regeneration          Chrm/Necr      #.........   99%         3    ###....


Dungeon Overview and Level Annotations

Branches:
Dungeon (9/15)             Temple (1/1) D:4            Lair (0/6) D:8
    Orc: D:9-12

Altars:
Ashenzari
Dithmenos
Elyvilon
Fedhas
Gozag
Hepliaklqana
Makhleb
Nemelex Xobeh
Okawaru
Ru
Sif Muna
Uskayaw
Vehumet
Wu Jian
Xom
Yredelemnul
The Shining One


Innate Abilities, Weirdness & Mutations

You reflexively headbutt those who attack you in melee.
You have a pair of horns on your head.
Your life essence is reduced to manifest your ancestor. (-10% HP)


Message History

You feel as though you will be slow longer.
You feel sick.
The gnoll hits you from afar with a spear.
* * * LOW HITPOINT WARNING * * *
The hornet barely misses you.
You can move again.
Unknown command.
Unknown command.
Unknown command.
Unknown command.
Unknown command.
Unknown command.
As you read the scroll of teleportation, it crumbles to dust.
You feel strangely unstable.
You feel sick. The hornet stings you.
* * * LOW HITPOINT WARNING * * *
You feel as though you will be slow longer.
The gnoll hits you from afar with a spear.
* * * LOW HITPOINT WARNING * * *
The hornet stings you.
You die...

#>..).......#
#...(...##
#..<........#
+.......'#
#..)).....R.#
#.......##
#.....[.....+
#####'###
#...........#
#..#
#...........#
##.##
###+#########
###..# #...##
#@### #y#
#[ggZ...g..
#..g.....g.
#.....?....
+..........
#..........
#......<...
###########


You could see a hornet, 3 gnolls and a worker ant zombie.

Vanquished Creatures
  The ghost of GordonOverkill the Cleaver, a novice MiSk of Hepliaklqana (D:9)
  Pikel (D:8)
  An elephant (D:8)
  A yak (D:8)
  Grum (D:7)
  2 basilisks (D:8)
  A slave (D:8)
  An ice beast (D:6)
  A sky beast (D:6)
  A black bear (D:7)
  An orc warrior (D:7)
  3 ogres
  A wolf (D:8)
  3 centaurs
  A bullfrog (D:6)
  2 scorpions
  8 killer bees
  2 wights (D:6)
  A centaur zombie (D:8)
  2 crimson imps
  A bullfrog zombie (D:8)
  A hound (D:6)
  2 orc priests
  2 gnoll shamans (D:7)
  5 orc wizards
  An iguana (D:8)
  3 worker ants
  A hound skeleton (D:6)
  13 gnolls
  9 adders
  An ooze (D:1)
  An adder skeleton (D:6)
  A worm (D:5)
  2 dart slugs (D:2)
  4 leopard geckos
  33 orcs
  2 ball pythons
  5 giant cockroaches
  7 goblins
  9 hobgoblins
  3 jackals (D:8)
  3 quokkas
  6 bats
  A frilled lizard (D:5)
  5 kobolds
  A quokka skeleton (D:5)
  9 rats
166 creatures vanquished.

Vanquished Creatures (collateral kills)
  Sigmund (D:6)
  2 hungry ghosts (D:8)
  2 ice beasts
  A slave (D:7)
  A phantom (D:8)
  A wolf (D:8)
  A scorpion (D:7)
  A wight (D:6)
  2 killer bees
  A howler monkey (D:5)
  A bullfrog skeleton (D:5)
  An orc wizard (D:6)
  An iguana (D:7)
  2 worker ants
  2 gnolls (D:8)
  4 orcs
  2 giant cockroaches
26 creatures vanquished.

Grand Total: 192 creatures vanquished

Notes
Turn   | Place    | Note
-------+----------+-------------------------------------------
     0 | D:1      | GordonOverkill the Minotaur Skald began the quest for the Orb.
     0 | D:1      | Reached XP level 1. HP: 18/18 MP: 1/1
   303 | D:1      | Reached XP level 2. HP: 21/25 MP: 3/3
  1005 | D:1      | Reached skill level 3 in Axes
  1005 | D:1      | Reached XP level 3. HP: 30/30 MP: 4/4
  1862 | D:2      | Reached XP level 4. HP: 34/37 MP: 5/5
  2276 | D:3      | Reached XP level 5. HP: 41/44 MP: 6/6
  2455 | D:4      | Reached skill level 4 in Axes
  2738 | D:4      | Reached XP level 6. HP: 51/51 MP: 7/7
  2873 | D:4      | Found a staircase to the Ecumenical Temple.
  2911 | Temple   | Entered the Ecumenical Temple
  3083 | Temple   | Became a worshipper of Hepliaklqana the Forgotten
  3236 | D:5      | Entered Level 5 of the Dungeon
  3248 | D:5      | Reached skill level 5 in Axes
  3372 | D:5      | Found a shimmering altar of Xom.
  3614 | D:5      | Reached skill level 1 in Invocations
  3614 | D:5      | Reached XP level 7. HP: 16/52 MP: 9/9
  3718 | D:5      | Reached skill level 6 in Axes
  4248 | D:6      | Reached XP level 8. HP: 60/60 MP: 10/10
  4380 | D:6      | Reached skill level 7 in Axes
  4414 | D:6      | Noticed Sigmund
  4427 | D:6      | Killed Sigmund
  4472 | D:6      | Reached skill level 8 in Axes
  4519 | D:6      | Reached * piety under Hepliaklqana
  4633 | D:5      | Found a basalt altar of Yredelemnul.
  4911 | D:7      | Reached skill level 9 in Axes
  5149 | D:7      | Reached XP level 9. HP: 51/65 MP: 11/11
  5578 | D:7      | Reached ** piety under Hepliaklqana
  5579 | D:7      | Remembered your ancestor Nora as a knight
  5831 | D:7      | Reached skill level 10 in Axes
  5834 | D:7      | HP: 3/65 [killer bee (5)]
  5835 | D:7      | HP: 1/65 [killer bee (2)]
  5837 | D:7      | Reached skill level 5 in Invocations
  6093 | D:8      | Learned a level 2 spell: Blink
  6097 | D:8      | Learned a level 3 spell: Regeneration
  6288 | D:8      | Reached skill level 11 in Axes
  6337 | D:8      | Noticed an elephant
  6443 | D:8      | Killed an elephant
  6448 | D:8      | Reached skill level 12 in Axes
  6530 | D:8      | Reached XP level 10. HP: 65/72 MP: 12/14
  6556 | D:8      | Found a staircase to the Lair.
  6598 | D:8      | Found a hide-covered altar of Uskayaw.
  6834 | D:8      | Noticed Grum
  6836 | D:8      | Noticed Pikel
  6937 | D:7      | Killed Grum
  6998 | D:8      | Killed Pikel
  7143 | D:9      | Noticed GordonOverkill's ghost (novice MiSk)
  7166 | D:9      | Killed GordonOverkill's ghost
  7166 | D:9      | Reached skill level 13 in Axes
  7248 | D:9      | Paralysed by a hornet for 2 turns
  7255 | D:9      | Paralysed by a hornet for 3 turns
  7259 | D:9      | HP: 2/72 [gnoll/spear (5)]
  7259 | D:9      | Slain by a hornet

Vault maps used:
D:1:      tarquinn_simple_flora_water_b, serial_park_tiny_1,
          hangedman_decor_clover_reticule, glass_columns_c,
          grunt_decor_mini_mirrors, st_stairs_7
D:2:      first_bread, kennysheep_cross_room
D:3:      minmay_misc_feat_more_columns, kennysheep_generic_room_4
D:4:      minmay_temple_entry_poolview, nemelex_lonely_heart_becter,
          uniq_edmund, uniq_crazy_yiuf_cottage
D:5:      lemuel_upstairs_altar, basic_altar
D:6:      uniq_sigmund
D:8:      kennysheep_mini, david_lair_generic, uniq_grum, uniq_pikel
D:9:      gammafunk_temple_overflow_claw, gammafunk_temple_overflow_pools,
          orc_0_dummy
Temple:   regret_index_temple_sphere_string

Skill      XL: |  1  2  3  4  5  6  7  8  9 10 |
---------------+-------------------------------+-----
Axes           | 3 4 5 6 9 12 13 | 13.1
Armour         | 2 3 4 |  4.5
Dodging        | 3 4 |  4.9
Fighting       | 3 4 |  4.8
Spellcasting   | 2 |  2.0
Invocations    | 1 2 4 6 7 |  7.3
Shields        | 2 |  2.3
Charms         | |  2.5

Action                   |  1- 3 |  4- 6 |  7- 9 | 10-12 || total
-------------------------+-------+-------+-------+-------++-------
Melee: Hand axe          |   109 |   186 |    44 |       ||   339
       Headbutt          |    11 |    21 |    37 |    11 ||    80
       Battleaxe         |       |       |   222 |    38 ||   260
       Whip              |       |       |       |    38 ||    38
Invok: Ancestor Identity |       |     1 |       |       ||     1
       Recall Ancestor   |       |       |     1 |     1 ||     2
       Ancestor Life: Kn |       |       |     1 |       ||     1
  Use: Scroll            |       |       |    14 |     2 ||    16
       Potion            |       |       |     3 |     1 ||     4
 Stab: Distracted        |       |       |     1 |       ||     1
  Eat: Chunk             |     3 |     6 |     7 |     4 ||    20
       Royal jelly       |       |       |     2 |       ||     2
       Fruit             |       |       |     1 |       ||     1
Armor: Leather armour    |    15 |       |       |       ||    15
       Scale mail        |    21 |    32 |       |       ||    53
       Chain mail        |       |    40 |   195 |    52 ||   287
Dodge: Dodged            |    78 |    82 |   172 |    46 ||   378

Table legend:
 A = Spawn XP
 B = Non-spawn XP
 C = Spawn XP percentage of total XP
 D = Spawn monster count
 E = Non-spawn monster count
 F = Spawn count percentage of total count
 G = Total turns spent on level
                    A         B        C        D         E        F      G
               +---------+---------+-------+---------+---------+-------+---------
         Total |     546 |    7162 |   7.1 |      21 |     169 |  11.1 |  7259
               +---------+---------+-------+---------+---------+-------+---------
           D:1 |       5 |      36 |  12.2 |       2 |      20 |   9.1 |  1173
           D:2 |      17 |      48 |  26.2 |       3 |      18 |  14.3 |   770
           D:3 |       1 |      98 |   1.0 |       1 |      16 |   5.9 |   492
           D:4 |      97 |     147 |  39.8 |       5 |      12 |  29.4 |   618
           D:5 |       1 |     734 |   0.1 |       1 |      18 |   5.3 |   807
           D:6 |      37 |    1184 |   3.0 |       3 |      25 |  10.7 |   863
           D:7 |     231 |    1139 |  16.9 |       3 |      24 |  11.1 |  1423
           D:8 |     157 |    2975 |   5.0 |       3 |      29 |   9.4 |   772
           D:9 |       0 |     801 |   0.0 |       0 |       7 |   0.0 |   158
               +---------+---------+-------+---------+---------+-------+---------
